 Dungeon Crawl Stone Soup version 0.30-a0-939-gc8157cb160 (webtiles) character file.

Game seed: 14852194114562002379

7 bearlyready the Covered (level 1, 0/19 HPs)
             Began as an Armataur Fighter on Mar 25, 2023.
             Slain by an adder (3 damage)
             ... on level 2 of the Dungeon.
             The game lasted 00:00:19 (92 turns).

bearlyready the Covered (Armataur Fighter)            Turns: 92, Time: 00:00:19

Health: 0/19       AC:  6    Str: 21    XL:     1   Next: 91%
Magic:  1/1        EV:  7    Int:  8    God:
Gold:   15         SH:  4    Dex:  9    Spells: 0/0 levels left

rFire   . . .      SeeInvis .    a - +0 flail
rCold   . . .      Faith    .    c - +0 buckler
rNeg    . . .      Spirit   .    b - +0 scale mail
rPois   .          Reflect  .    (no helmet)
rElec   .          Roll     +    (no cloak)
rCorr   .                        (no gloves)
Will    .....                    (no barding) Stlth
                                 (no amulet)
HPRegen 0.23/turn                (no ring)
MPRegen 0.07/turn                (no ring)

@: mighty, lethally poisoned (0 -> -8)
A: large, rugged brown scales 3, deformed body, armoured tail, roll, long
tongue, awkward tongue
a: no special abilities


You were on level 2 of the Dungeon.
You visited 1 branch of the dungeon, and saw 2 of its levels.

You collected 15 gold pieces.

Inventory:

Hand Weapons
 a - a +0 flail (weapon)
Armour
 b - a +0 scale mail (worn)
 c - a +0 buckler (worn)


   Skills:
 - Level 2.6 Fighting
 + Level 2.4 Maces & Flails
 - Level 3.6 Armour
 - Level 3.2 Shields


You couldn't memorise any spells.
You didn't know any spells.
Your spell library contained the following spells:

 Spells                   Type           Power      Damage    Failure   Level
 Cigotuvi's Dreadful Rot  Necr/Pois/Air  0%         N/A       91%         2
 Dispel Undead            Necr           0%         3d6       100%        4
 Death Channel            Necr           0%         N/A       100%        6


Dungeon Overview and Level Annotations

Branches:
Dungeon (1/15)

Altars:


Innate Abilities, Weirdness & Mutations

You are completely covered in rugged brown scales. (AC +3, +7% HP)
Armour fits poorly on your strangely shaped body.
You have a long armoured tail.
You roll when moving toward enemies. (Rampage)
Your long tongue fully drains potion bottles. (2x potion effects)
Your tongue gives you trouble enunciating. (1.5x scroll delay)


Message History

The adder hisses angrily.
The adder moves out of view.
An endoplasm comes into view.
Found a pink potion and a scroll labelled EBBIMAL HATI.
The endoplasm quivers.
Found a stone staircase leading down.
The endoplasm attacks as you move away!
The endoplasm hits you but does no damage.
The adder attacks as you move away! You block the adder's attack.
The adder attacks as you move away! The adder completely misses you.
The adder bites you but does no damage.
You closely miss the adder.
Your tail-slap misses the adder.
The adder bites you but does no damage.
You miss the adder.
The adder bites you but does no damage. x2
You closely miss the adder. The adder closely misses you.
You closely miss the adder. You block the adder's attack.
The adder bites you but does no damage.
Okay, then.
You feel very mighty all of a sudden.
You slurp down every last drop of the potion of might!
The adder bites you.
You are poisoned.
The adder poisons you!
You hit the adder but do no damage.
You feel sick. The adder bites you but does no damage. The adder bites you.
You are more poisoned.
The adder poisons you!
You barely miss the adder.
You feel sick. The adder barely misses you. The adder bites you.
You closely miss the adder.
Your tail-slap misses the adder.
You feel sick. You block the adder's attack.
You closely miss the adder.
You feel sick. The adder bites you.
* * * LOW HITPOINT WARNING * * *
You are lethally poisoned!
The adder poisons you! The adder bites you but does no damage.
You barely miss the adder.
Your tail-slap misses the adder.
* * * LOW HITPOINT WARNING * * *
You feel very sick. The adder bites you.
You die...

#? ...#.#..#..#.....#
#.#.###.#..#..###.###
...........#..#.....#
#.#.###.##....###.###
...#.# ..#.#....##
#.#.##.#..#.....##
#........##..#...#
###.###..###.##..#.#.#
.........JS@.##....#..#
!.........##.....####.###
......)..................
.........####.##.####.#..
#...#...####..##.####...
###...#.#...............
......#.###.........##
>......# #.........#
###########


You could see an adder and an endoplasm.

Vanquished Creatures
  3 endoplasms (D:2)
  A hobgoblin (D:2)
  A quokka (D:2)
  A bat (D:2)
6 creatures vanquished.

Notes
Turn   | Place    | Note
-------+----------+-------------------------------------------
     0 | D:1      | bearlyready the Armataur Fighter began the quest for the
                  | Orb.
     0 | D:1      | Reached XP level 1. HP: 19/19 MP: 1/1
     2 | D:1      | You fall into a shaft and drop 1 floor!
    92 | D:2      | Slain by an adder

Illustrated notes

Levels and vault maps discovered:
D:1:      dpeg_arrival_castle, layout_rooms, minmay_split_cup_small
D:2:      layout_rooms, nicolae_ecumenical_pavilion, minmay_misc_feat_roman,
          minmay_misc_feat_hallway, kennysheep_path_1, guppyfry_early_orc_mine

Skill      XL: |  1 |
---------------+----+-----
Maces & Flails | 2 |  2.4
Fighting       | |  2.6
Armour         | |  3.6
Shields        | |  3.2

Action                     || total
---------------------------++-------
  Melee: Flail             ||    25
         Tailslap          ||     1
    Use: Potion            ||     1
 Armour: Scale mail        ||    16
  Dodge: Dodged            ||     9
  Block: Buckler           ||     4

Table legend: (Time is in decaauts)
 A = Elapsed time spent in this place.
 B = Non-inter-level travel time spent in this place.
 C = Inter-level travel time spent in this place.
 D = Time resting spent in this place.
 E = Time spent auto-exploring this place.
 F = Levels seen in this place.
 G = Mean time per level.
                   A        B        C        D        E       F      G
               +--------+--------+--------+--------+--------+-----+--------+
         Total |     99 |     99 |      0 |      0 |     45 |   2 |   49.5 |
       Dungeon |     99 |     99 |      0 |      0 |     45 |   2 |   49.5 |
               +--------+--------+--------+--------+--------+-----+--------+

Top non-repeatable levels by time:
     D:2: 97 daAuts
     D:1: 2 daAuts
